 Dungeon Crawl Stone Soup version 0.27-a0-679-g77a6b55cf3 (webtiles) character file.

Game seed: 17041727508257535757

207 tilp the Sneak (level 5, -5/37 HPs)
             Began as an Octopode Transmuter on Mar 18, 2021.
             Was an Initiate of Okawaru.
             Slain by an orc priest
             ... wielding a +0 flail
              (13 damage)
             ... on level 3 of the Dungeon.
             The game lasted 00:08:21 (4655 turns).

tilp the Sneak (Octopode Transmuter)                Turns: 4655, Time: 00:08:21

Health: -5/37      AC:  1    Str:  9    XL:     5   Next: 85%
Magic:  5/8        EV: 13    Int: 17    God:    Okawaru [......]
Gold:   79         SH:  0    Dex: 12    Spells: 0/8 levels left

rFire    . . .     SeeInvis .     - Unarmed
rCold    . . .     Faith    .   (no shield)
rNeg     . . .     Spirit   .   (helmet currently unavailable)
rPois    .         Reflect  .   (no amulet)
rElec    .         Harm     .   (no ring)
rCorr    .         Rampage  .   (no ring)
Will     .....                  (no ring)
Stlth    +++.......             (no ring)
HPRegen  0.12/turn              (no ring)
MPRegen  0.11/turn              (no ring)
                                (no ring)
                                (no ring)

@: appendages (expiring), wereblooded
A: tentacle spike 3, almost no armour, amphibious, 8 rings, camouflage 1,
gelatinous body 1, nimble swimmer 1, tentacles
a: End Transformation, Renounce Religion


You were on level 3 of the Dungeon.
You worshipped Okawaru.
Okawaru was noncommittal.
One of your tentacles had grown a beastly spike.
You visited 1 branch of the dungeon, and saw 3 of its levels.

You collected 79 gold pieces.

Inventory:

Missiles
 f - 50 stones
 i - 11 poisoned darts (quivered)
Jewellery
 d - an amulet of faith
Scrolls
 b - a scroll of torment {unknown}
 e - a scroll of enchant armour {unknown}
 h - 3 scrolls of blinking {unknown}
 m - a scroll of identify
Potions
 a - a potion of resistance {unknown}
 c - a potion of degeneration {unknown}
 g - a potion of attraction
 j - 4 potions of heal wounds
 k - a potion of curing {unknown}
 l - a potion of lignification {unknown}


   Skills:
 - Level 4.0 Fighting
 - Level 2.0 Dodging
 - Level 4.0 Stealth
 + Level 3.9 Unarmed Combat
 - Level 2.0 Spellcasting
 - Level 2.0 Transmutations


You couldn't memorise any spells.
You knew the following spells:

 Your Spells              Type           Power      Damage    Failure   Level
a - Beastly Appendage     Tmut           16%        N/A       9%          1
b - Wereblood             Tmut           8%         N/A       13%         2
c - Spider Form           Tmut/Pois      2%         N/A       36%         3
d - Blink                 Tloc           N/A        N/A       28%         2

Your spell library contained the following spells:

 Spells                   Type           Power      Damage    Failure   Level
 Magic Dart               Conj           4%         1d3       19%         1
 Call Imp                 Summ           1%         N/A       28%         2
 Slow                     Hex            1%         N/A       28%         2
 Conjure Flame            Conj/Fire      1%         6-21      50%         3
 Mephitic Cloud           Conj/Pois/Air  1%         N/A       50%         3
 Ice Form                 Ice/Tmut       5%         N/A       77%         4
 Blade Hands              Tmut           4%         N/A       93%         5


Dungeon Overview and Level Annotations

Branches:
Dungeon (3/15)

Altars:
Okawaru


Innate Abilities, Weirdness & Mutations

One of your tentacles has grown a beastly spike.
You cannot wear most types of armour.
You are amphibious.
You can wear up to eight rings at the same time.
Your skin changes colour to match your surroundings (Stealth+).
Your rubbery body absorbs attacks. (AC +1, EV +1)
You are stealthy while swimming. (Stealth+)
You have tentacles for arms and can constrict up to eight enemies at once.


Message History

Casting: Beastly Appendage (safe; 9% risk of failure)
Confirm with . or Enter, or press ? or * to list all spells.
One of your tentacles grows a vicious spike.
Casting: Beastly Appendage (safe; 9% risk of failure)
Confirm with . or Enter, or press ? or * to list all spells.
Your blood is infused with primal strength.
The orc barely misses you.
You barely miss the orc. You grab the orc.
You pierce the orc.
The orc is moderately wounded.
You constrict the orc. The orc hits you.
The orc priest hits you with a +0 flail!
You completely miss the orc.
The orc is heavily wounded.
You constrict the orc, but do no damage.
The orc closely misses you.
The orc priest hits you with a +0 flail!
You tentacle-slap the orc.
You kill the orc!
Okawaru accepts your kill.
Your transformation is almost over.
The orc priest closely misses you.
You barely miss the orc priest. You grab the orc priest.
You constrict the orc priest, but do no damage.
The orc priest misses you.
Your magical contamination has completely faded away.
You tentacle-slap the orc priest but do no damage.
You squeeze the orc priest.
The orc priest is lightly wounded.
You constrict the orc priest, but do no damage.
The orc priest hits you with a +0 flail!
* * * LOW HITPOINT WARNING * * *
You tentacle-slap the orc priest but do no damage.
The orc priest is lightly wounded.
You constrict the orc priest. The orc priest closely misses you.
You tentacle-slap the orc priest.
You squeeze the orc priest, but do no damage.
The orc priest is moderately wounded.
You constrict the orc priest, but do no damage.
The orc priest hits you with a +0 flail!
You die...

#.# ##'## #.# #.#
##...## #.# #.##
##.....###.# #..##
#.......##.##
##...####.........#...
##..†....'.........'...
#.....####.........####
#.##)######.......## #
#...<>@.# ##.....## #
#.#####o# ##...## # #
.# ##'# # .# #. # .# #
. .# ## .# .#


You could see an orc priest.

Vanquished Creatures
  An orc wizard (D:3)
  7 adders
  An ooze (D:2)
  A worm (D:2)
  4 dart slugs
  4 leopard geckos
  8 orcs (D:3)
  2 ball pythons
  4 giant cockroaches
  7 hobgoblins
  7 jackals
  3 quokkas
  12 bats
  7 frilled lizards
  9 goblins
  8 kobolds
  9 rats
94 creatures vanquished.

Vanquished Creatures (others)
  An ooze (D:1)
  A bat (D:1)
2 creatures vanquished.

Grand Total: 96 creatures vanquished

Notes
Turn   | Place    | Note
-------+----------+-------------------------------------------
     0 | D:1      | tilp the Octopode Transmuter began the quest for the Orb.
     0 | D:1      | Reached XP level 1. HP: 13/13 MP: 3/3
    15 | D:1      | You fall into a shaft and drop 1 floor!
    26 | D:2      | Reached skill level 1 in Stealth
   316 | D:2      | Reached XP level 2. HP: 18/18 MP: 3/5
   319 | D:2      | Learned a level 2 spell: Wereblood
   735 | D:2      | Reached XP level 3. HP: 17/23 MP: 6/6
  1510 | D:1      | Reached XP level 4. HP: 26/29 MP: 7/7
  2917 | D:3      | Found an iron altar of Okawaru.
  2921 | D:3      | Became a worshipper of Warmaster Okawaru
  3321 | D:3      | Reached XP level 5. HP: 36/36 MP: 4/8
  3571 | D:3      | Learned a level 3 spell: Spider Form
  3574 | D:3      | Learned a level 2 spell: Blink
  4655 | D:3      | Slain by an orc priest

Illustrated notes

Levels and vault maps discovered:
D:1:      lightli_arrival_maybe_door_vault, layout_loops_ring, st_stairs_2,
          lemuel_old_faithful
D:2:      minmay_angry_zag, layout_loops_ring, st_stairs_9
D:3:      minmay_bubble_buster, layout_loops_corners, overflow_temple_1_default

Skill      XL: |  1  2  3  4  5 |
---------------+----------------+-----
Stealth        | 2 4 |  4.0
Fighting       | 2 3 4 |  4.0
Dodging        | |  2.0
Unarmed Combat | |  3.9
Spellcasting   | |  2.0
Transmutations | |  2.0

Action                   |  1- 3 |  4- 6 || total
-------------------------+-------+-------++-------
Melee: Unarmed           |    69 |   125 ||   194
       Kick              |    16 |    26 ||    42
       Constrict         |    15 |    39 ||    54
       Tentacles         |     8 |    21 ||    29
       Punch             |       |     1 ||     1
Throw: Dart              |       |     7 ||     7
 Cast: Beastly Appendage |    15 |    30 ||    45
       Wereblood         |     1 |     9 ||    10
  Use: Scroll            |       |     2 ||     2
 Stab: Sleeping          |     6 |    12 ||    18
Armor: Skin              |     5 |     3 ||     8
Dodge: Dodged            |    40 |    60 ||   100

Table legend: (Time is in decaauts)
 A = Elapsed time spent in this place.
 B = Non-inter-level travel time spent in this place.
 C = Inter-level travel time spent in this place.
 D = Time resting spent in this place.
 E = Time spent auto-exploring this place.
 F = Levels seen in this place.
 G = Mean time per level.
                   A        B        C        D        E       F      G
               +--------+--------+--------+--------+--------+-----+--------+
         Total |   4644 |   4552 |     92 |    885 |   2842 |   3 | 1548.0 |
       Dungeon |   4644 |   4552 |     92 |    885 |   2842 |   3 | 1548.0 |
               +--------+--------+--------+--------+--------+-----+--------+

Top non-repeatable levels by time:
     D:3: 1756 daAuts
     D:2: 1606 daAuts
     D:1: 1282 daAuts
